 Dungeon Crawl Stone Soup version 0.28.0-47-ge53b351184 (webtiles) character file.

Game seed: 4035435795414970959

2505 Kenran the Grappler (level 9, -2/88 HPs)
             Began as a Troll Gladiator on Apr 30, 2022.
             Was an Initiate of Okawaru.
             Slain by a hornet (14 damage)
             ... on level 8 of the Dungeon.
             The game lasted 00:15:34 (5969 turns).

Kenran the Grappler (Troll Gladiator)               Turns: 5969, Time: 00:15:35

Health: -2/88      AC:  8    Str: 26    XL:     9   Next: 28%
Magic:  0/7        EV: 12    Int:  4    God:    Okawaru [......]
Gold:   459        SH:  8    Dex: 13    Spells: 8/8 levels left

rFire   . . .      SeeInvis .     - Unarmed
rCold   . . .      Faith    .   E - +0 kite shield
rNeg    . . .      Spirit   +   D - +0 acid dragon scales
rPois   .          Reflect  .   b - +0 hat
rElec   .          Harm     .   (no cloak)
rCorr   +          Rampage  .   (gloves unavailable)
Will    .....                   (boots unavailable)
Stlth   +.........              e - amulet of guardian spirit
HPRegen 1.04/turn               x - +4 ring of evasion
MPRegen 0.10/turn               (no ring)

@: lethally poisoned (-2 -> -11), slowed, very slow
A: large, unfitting armour, claws 3, regeneration 1, shaggy fur 1, tough skin 1,
horns 1, deterioration 1, low MP 1
a: Renounce Religion


You were on level 8 of the Dungeon.
You worshipped Okawaru.
Okawaru was noncommittal.
You visited 2 branches of the dungeon, and saw 9 of its levels.

You collected 459 gold pieces.

Inventory:

Missiles
 c - 2 throwing nets
 i - 129 stones (quivered)
 j - 8 poisoned darts
 l - 5 javelins
 p - 2 boomerangs
 q - 6 atropa-tipped darts
Armour
 b - a +0 hat (worn)
 v - a +0 animal skin
 D - +0 acid dragon scales (worn)
 E - a +0 kite shield (worn)
Jewellery
 e - an amulet of guardian spirit (around neck)
 x - a +4 ring of evasion (left claw)
Wands
 s - a wand of acid (11)
 t - a wand of flame (11)
Scrolls
 d - 4 scrolls of enchant weapon
 m - a scroll of teleportation
 o - a scroll of acquirement {unknown}
 y - a scroll of blinking {unknown}
 A - a scroll of magic mapping
 B - a scroll of immolation {unknown}
 C - a scroll of brand weapon {unknown}
 F - a scroll of summoning {unknown}
Potions
 a - a potion of magic {unknown}
 f - a potion of heal wounds {@q2}
 g - 3 potions of haste
 h - a potion of ambrosia {unknown}
 k - 2 potions of curing {unknown}
 n - a potion of flight {unknown}
 r - a potion of degeneration {!q}
 u - a potion of attraction {unknown}
 w - 2 potions of mutation {!q}
 z - a potion of brilliance {unknown}


   Skills:
 - Level 5.0 Fighting
 - Level 3.0 Throwing
 - Level 2.4 Dodging
 + Level 2.5 Shields
 - Level 10.0 Unarmed Combat
 - Level 3.0 Evocations


You had 8 spell levels left.
You didn't know any spells.
Your spell library contained the following spells:

 Spells                   Type           Power      Damage    Failure   Level
 Beastly Appendage        Tmut           0%         N/A       86%         1
 Sandblast                Erth           0%         2d4       86%         1
 Passwall                 Tmut/Erth      0%         N/A       95%         2
 Wereblood                Tmut           0%         N/A       95%         2
 Spider Form              Tmut/Pois      0%         N/A       99%         3
 Stone Arrow              Conj/Erth      0%         3d7       99%         3
 Borgnjor's Revivificati  Necr           0%         N/A       100%        8
 Necromutation            Tmut/Necr      0%         N/A       100%        8
 Death's Door             Necr           0%         N/A       100%        9


Dungeon Overview and Level Annotations

Branches:
Dungeon (8/15)             Temple (1/1) D:6
   Lair: D:8-11

Altars:
Ashenzari
Cheibriados
Dithmenos
Elyvilon
Fedhas
Gozag
Hepliaklqana
Kikubaaqudgha
Makhleb
Nemelex Xobeh
Okawaru
Qazlal
Ru
Sif Muna
Trog
Uskayaw
Vehumet
Wu Jian
Xom
Yredelemnul
Zin
The Shining One
Beogh

Shops:
D:1 (

Annotations:
D:6 1 runed translucent door, exclusion: downstairs, Crazy Yiuf


Innate Abilities, Weirdness & Mutations

You are too large for most types of armour.
You have claws for hands.
Your natural rate of healing is unusually fast.
You are covered in fur. (AC +1)
You have tough skin. (AC +1)
You have a pair of small horns on your head.
Your body sometimes deteriorates upon taking damage.
Your magical capacity is low. (-10% MP)


Message History

* * * LOW HITPOINT WARNING * * *
You are more poisoned.
You feel as though you will be slow longer.
The wyvern zombie barely misses you. You block the hornet's attack.
Unknown command.
Unknown command.
Unknown command.
Unknown command.
You feel much better.
You feel extremely sick. The hornet stings you!
* * * LOW HITPOINT WARNING * * *
You feel as though you will be slow longer.
The wyvern zombie misses you.
The wyvern zombie bites you but does no damage.
The hornet stings you.
* * * LOW HITPOINT WARNING * * *
You feel as though you will be slow longer.
Unknown command.
Unknown command.
It was a potion of mutation.
You feel extremely strange.
You feel yourself wasting away. A pair of horns grows on your head!
You feel less energetic.
You feel very sick. The hornet stings you!
* * * LOW HITPOINT WARNING * * *
You are lethally poisoned!
You feel as though you will be slow longer.
The wyvern zombie bites you.
* * * LOW HITPOINT WARNING * * *
The hornet misses you. You block the wyvern zombie's attack.
Unknown command.
Unknown command.
You feel much better.
You feel extremely sick. The hornet stings you!
* * * LOW HITPOINT WARNING * * *
You feel as though you will be slow longer.
The wyvern zombie closely misses you. The hornet stings you!
You die...

### #.# #.# #..##.###
...#.# ### #####.# #
#.###.#.# ... #.###
........###...## #...#
..###.#....._.#p #.#.#
#...###...## #....
#.....# ... ###.#
##.#####.#############.#
......y@................
......Z.................
##......................
#.#####.########...##.#
###.#####.########...##.#
........................
#....##.....<#.........
#....##......#.........
###....##......#.........


You could see a hornet and a wyvern zombie.

Vanquished Creatures
  Maggie (D:7)
  Edmund (D:6)
  A necrophage (D:4)
  2 sky beasts (D:7)
  2 ogres (D:4)
  A phantom (D:6)
  2 centaurs
  A bullfrog (D:8)
  Blork the orc (D:4)
  A wyvern zombie (D:7)
  5 killer bees (D:7)
  2 hounds
  2 jellies (D:8)
  4 centaur zombies
  3 centaur skeletons
  A gnoll shaman (D:6)
  2 orc priests (D:4)
  Ijyb (D:3)
  3 iguanas
  5 orc wizards
  2 killer bee zombies
  Robin (D:4)
  A hound skeleton (D:4)
  11 gnolls
  A howler monkey skeleton (D:7)
  8 adders
  A shadow imp (D:5)
  3 ufetubi
  An adder skeleton (D:4)
  2 worms
  2 dart slugs
  19 orcs
  6 endoplasms
  3 giant cockroaches
  16 goblins
  6 hobgoblins
  5 jackals
  7 kobolds
  4 quokkas
  10 ball pythons
  3 bats
  A frilled lizard (D:1)
  9 rats
163 creatures vanquished.

Notes
Turn   | Place    | Note
-------+----------+-------------------------------------------
     0 | D:1      | Kenran the Troll Gladiator began the quest for the Orb.
     0 | D:1      | Reached XP level 1. HP: 19/19 MP: 0/0
    61 | D:1      | Found Hoat's Weapon Emporium.
   114 | D:1      | Reached XP level 2. HP: 28/28 MP: 1/1
   214 | D:1      | Found a faded altar of an unknown god.
   656 | D:2      | Reached XP level 3. HP: 21/35 MP: 2/2
   785 | D:2      | Reached skill level 4 in Unarmed Combat
  1292 | D:3      | Reached XP level 4. HP: 44/44 MP: 3/3
  1584 | D:3      | Noticed Ijyb
  1596 | D:3      | Killed Ijyb
  1597 | D:3      | Reached skill level 5 in Unarmed Combat
  1597 | D:3      | Reached XP level 5. HP: 35/52 MP: 2/4
  1790 | D:4      | Noticed Blork the orc
  1818 | D:4      | Killed Blork the orc
  1868 | D:4      | Noticed Robin
  1889 | D:4      | Killed Robin
  1894 | D:4      | Reached XP level 6. HP: 56/61 MP: 5/5
  1919 | D:4      | Reached skill level 6 in Unarmed Combat
  2124 | D:4      | Identified the +5 hand axe of Tixzaeq {freeze, rN+ Str+2}
  2273 | D:4      | Reached XP level 7. HP: 65/68 MP: 6/6
  2318 | D:4      | Reached skill level 7 in Unarmed Combat
  2721 | D:5      | Entered Level 5 of the Dungeon
  2802 | D:5      | Reached skill level 1 in Evocations
  3520 | D:6      | Noticed Edmund
  3533 | D:6      | Killed Edmund
  3534 | D:6      | Reached XP level 8. HP: 73/79 MP: 5/7
  3621 | D:6      | Reached skill level 8 in Unarmed Combat
  4337 | D:6      | Found a runed translucent door.
  4338 | D:6      | Noticed Crazy Yiuf
  4365 | D:6      | Reached skill level 5 in Fighting
  4640 | D:7      | Noticed Maggie
  4654 | D:7      | Killed Maggie
  4740 | D:7      | Noticed a six-headed hydra
  4884 | D:7      | Reached skill level 9 in Unarmed Combat
  5004 | D:7      | Reached XP level 9. HP: 27/88 MP: 4/8
  5275 | D:6      | Found a staircase to the Ecumenical Temple.
  5280 | Temple   | Entered the Ecumenical Temple
  5311 | Temple   | Became a worshipper of Warmaster Okawaru
  5351 | D:7      | Reached skill level 10 in Unarmed Combat
  5351 | D:7      | Reached skill level 1 in Shields
  5951 | D:8      | Found a bloodstained altar of Trog.
  5953 | D:8      | Noticed a wizard
  5961 | D:8      | Paralysed by a hornet for 1 turns
  5964 | D:8      | Paralysed by a hornet for 2 turns
  5968 | D:8      | Gained mutation: Your body sometimes deteriorates upon
                  | taking damage. [potion of mutation]
  5968 | D:8      | Gained mutation: You have a pair of small horns on your
                  | head. [potion of mutation]
  5968 | D:8      | Gained mutation: Your magical capacity is low. (-10% MP)
                  | [potion of mutation]
  5969 | D:8      | Slain by a hornet

Illustrated notes

Levels and vault maps discovered:
D:1:      dpeg_arrival_ratfight, layout_basic, serial_shops, shop,
          chequers_ecumenical_altar_grove, amethyst_killhole,
          minmay_misc_feat_four_crosses
D:2:      layout_basic, hex_intersection
D:3:      minmay_wonky_spiral, layout_rooms, uniq_ijyb
D:4:      layout_basic, kennysheep_crisscross, kennysheep_orc_chapel,
          uniq_robin, uniq_blork_the_orc
D:5:      layout_basic
D:6:      layout_layer_cave, minmay_temple_entry_from_below_a,
          hangedman_decor_diamond_cutter, uniq_edmund, uniq_crazy_yiuf_cottage
D:7:      nicolae_cairo_tiling, layout_cave_pods, minmay_strange_pillars,
          uniq_maggie
D:8:      cheibrodos_helix_gallery, layout_basic, trog_wizard, special_room
          [special_room_orc], hellmonk_guarded_unrand_gyre_and_gimble
Temple:   nicolae_temple_the_god_donut

Skill      XL: |  1  2  3  4  5  6  7  8  9 |
---------------+----------------------------+-----
Fighting       | 2 3 4 5 |  5.0
Throwing       | 2 3 |  3.0
Unarmed Combat | 4 5 6 7 9 10 | 10.0
Evocations     | 1 3 |  3.0
Shields        | 2 |  2.5
Dodging        | |  2.4

Action                   |  1- 3 |  4- 6 |  7- 9 || total
-------------------------+-------+-------+-------++-------
Melee: Unarmed           |    91 |   109 |   249 ||   449
       Punch             |     1 |       |     4 ||     5
Throw: Stone             |    10 |     5 |       ||    15
       Throwing net      |     3 |       |       ||     3
Evoke: Wand              |       |     1 |       ||     1
  Use: Potion            |       |     1 |     6 ||     7
       Scroll            |       |       |     5 ||     5
 Stab: Sleeping          |     1 |       |       ||     1
Armor: Robe              |    17 |    14 |       ||    31
       Animal skin       |       |     2 |    36 ||    38
       Acid dragon scale |       |       |    49 ||    49
Dodge: Dodged            |    32 |    29 |   181 ||   242
Block: Kite shield       |       |       |    43 ||    43
